 Dungeon Crawl Stone Soup version 0.28.0-53-g5a82cb258f (webtiles) character file.

Game seed: 1438125925434303593

116 buhh the Skirmisher (level 5, -8/54 HPs)
             Began as an Octopode Transmuter on June 19, 2022.
             Killed by divine providence
             ... invoked by an orc priest
              (14 damage)
             ... on level 3 of the Dungeon.
             The game lasted 00:04:16 (2634 turns).

buhh the Skirmisher (Octopode Transmuter)           Turns: 2634, Time: 00:04:16

Health: -8/54      AC:  1    Str:  9    XL:     5   Next: 0%
Magic:  8/8        EV: 14    Int: 18    God:
Gold:   128        SH:  0    Dex: 12    Spells: 7/8 levels left

rFire   . . .      SeeInvis .     - Unarmed
rCold   . . .      Faith    .   (no shield)
rNeg    + . .      Spirit   .   (helmet currently unavailable)
rPois   .          Reflect  .   (no amulet)
rElec   .          Harm     .   k - ring of positive energy
rCorr   .          Rampage  .   (no ring)
Will    .....                   (no ring)
Stlth   ..........              (no ring)
HPRegen 0.18/turn               (no ring)
MPRegen 0.11/turn               (no ring)
                                (no ring)
                                (no ring)

@: berserking (expiring), appendages (expiring), very quick
A: tentacle spike 3, almost no armour, amphibious, 8 rings, camouflage 1,
gelatinous body 1, (nimble swimmer 1), tentacles
a: End Transformation


You were on level 3 of the Dungeon.
One of your tentacles had grown a beastly spike.
You visited 1 branch of the dungeon, and saw 3 of its levels.

You collected 128 gold pieces.

Inventory:

Magical Staves
 b - a staff of air
Jewellery
 k - a ring of positive energy (left tentacle)
Scrolls
 a - 4 scrolls of identify {unknown}
 g - a scroll of fear {unknown}
 i - a scroll of enchant armour {unknown}
 j - a scroll of summoning {unknown}
 l - a scroll of teleportation {unknown}
 n - a scroll of vulnerability {unknown}
 o - a scroll of silence {unknown}
Potions
 d - a potion of curing {unknown}
 e - a potion of heal wounds {unknown}
 f - a potion of cancellation {unknown}
 h - a potion of magic {unknown}
 m - a potion of brilliance {unknown}
 O - a potion of haste {!q!d}


   Skills:
 + Level 3.5 Fighting
 * Level 3.4 Dodging
 - Level 1.0 Stealth
 - Level 3.0 Unarmed Combat
 - Level 2.0 Spellcasting
 - Level 2.0 Transmutations


You had 7 spell levels left.
You knew the following spells:

 Your Spells              Type           Power      Damage    Failure   Level
a - Beastly Appendage     Tmut           18%        N/A       8%          1

Your spell library contained the following spells:

 Spells                   Type           Power      Damage    Failure   Level
 Wereblood                Tmut           9%         N/A       12%         2
 Spider Form              Tmut/Pois      5%         N/A       34%         3
 Call Canine Familiar     Summ           1%         N/A       47%         3
 Portal Projectile        Hex/Tloc       2%         N/A       47%         3
 Ice Form                 Ice/Tmut       5%         N/A       75%         4
 Leda's Liquefaction      Hex/Erth       0%         N/A       87%         4


Dungeon Overview and Level Annotations

Branches:
Dungeon (3/15)

Altars:


Innate Abilities, Weirdness & Mutations

One of your tentacles has grown a beastly spike.
You cannot wear most types of armour.
You are amphibious.
You can wear up to eight rings at the same time.
Your skin changes colour to match your surroundings (Stealth+).
Your rubbery body absorbs attacks. (AC +1, EV +1)
((You are camouflaged when in or above water. (Stealth+)))
You have tentacles for arms and can constrict up to eight enemies at once.


Message History

You squeeze the orc wizard, but do no damage.
The orc wizard is severely wounded.
You constrict the orc wizard.
The orc wizard hits you with a +2 dagger of speed.
The orc priest calls upon Beogh to heal the orc wizard.
You tentacle-slap the orc wizard.
You kill the orc wizard!
You hear some strange, mumbled words.
You are confused.
You have reached level 5!
You feel clever.
You are too confused!
It was a potion of berserk rage.
A red film seems to cover your vision as you go berserk!
You feel yourself moving faster!
You feel mighty!
You bump into the rock wall.
You feel a strong urge to attack something.
You hear some strange, mumbled words.
A magic dart appears from out of thin air!
The magic dart hits you!
The orc priest invokes the aid of Beogh against you.
Beogh smites you!
* * * LOW HITPOINT WARNING * * *
Things that are here:
a +2 dagger of speed; a +0 robe; an orc corpse You miss something.
Your tentacle spike misses something.
Your squeeze misses something. Something hits you.
* * * LOW HITPOINT WARNING * * *
You bump into the rock wall.
Your transformation is almost over.
The orc priest calls down the wrath of Beogh upon you.
Something writhes in agony.
You miss something.
Your tentacle spike misses something.
Your squeeze misses something. Something hits you.
* * * LOW HITPOINT WARNING * * *
You feel less confused.
You closely miss something. Your squeeze misses something.
The orc priest calls down the wrath of Beogh upon you.
Beogh smites you!
You die...

### ... #.. ..#
#.# ..### #.##
##.... #.#.#....#
#.##.##.#
#.......######
####....@).o.....
#.......##.......
#>#.....# .......
#.##.##.##.......
#.##.............
#.####..###......
#.####..# ......
#.......# ####.#
######.##


You could see an orc priest.

Vanquished Creatures
  An orc wizard (D:3)
  3 adders (D:2)
  A dart slug (D:2)
  4 orcs (D:3)
  A ball python (D:1)
  3 endoplasms
  3 giant cockroaches
  5 goblins
  7 hobgoblins
  2 jackals (D:3)
  7 kobolds
  3 quokkas
  3 bats
  10 frilled lizards
  3 rats
56 creatures vanquished.

Notes
Turn   | Place    | Note
-------+----------+-------------------------------------------
     0 | D:1      | buhh the Octopode Transmuter began the quest for the Orb.
     0 | D:1      | Reached XP level 1. HP: 13/13 MP: 3/3
   123 | D:1      | Found a faded altar of an unknown god.
   220 | D:1      | Reached XP level 2. HP: 19/19 MP: 3/5
  1100 | D:2      | Reached XP level 3. HP: 23/25 MP: 4/6
  1510 | D:2      | Reached XP level 4. HP: 15/31 MP: 4/7
  2627 | D:3      | Reached XP level 5. HP: 23/36 MP: 8/8
  2634 | D:3      | Killed from afar by an orc priest

Illustrated notes

Levels and vault maps discovered:
D:1:      heliophobic_arrival_ceremonial_halls, layout_loops_ring,
          basic_ecumenical_altar
D:2:      layout_basic, minmay_misc_feat_plants, kennysheep_boxes
D:3:      layout_loops_cross

Skill      XL: |  1  2  3  4 |
---------------+-------------+-----
Stealth        | 1 |  1.0
Fighting       | 2 3 |  3.5
Dodging        | 3 |  3.4
Unarmed Combat | |  3.0
Spellcasting   | |  2.0
Transmutations | |  2.0

Action                   |  1- 3 |  4- 6 || total
-------------------------+-------+-------++-------
Melee: Unarmed           |    66 |    59 ||   125
       Constrict         |    20 |    15 ||    35
       Tentacles         |    13 |    12 ||    25
       Kick              |    14 |    20 ||    34
       Punch             |     3 |     1 ||     4
 Cast: Beastly Appendage |    19 |    17 ||    36
  Use: Potion            |       |     1 ||     1
 Stab: Sleeping          |     5 |     5 ||    10
Armor: Skin              |     6 |     2 ||     8
Dodge: Dodged            |    28 |    37 ||    65
